 Dungeon Crawl Stone Soup version 0.29-a0-284-gf9362112df (webtiles) character file.

Game seed: 14807050971441207026

7 spaghetti the Charlatan (level 1, 0/15 HPs)
             Began as a Demigod Artificer on Mar 24, 2022.
             Frozen to death by an endoplasm (5 damage)
             ... on level 1 of the Dungeon.
             The game lasted 00:00:44 (715 turns).

spaghetti the Charlatan (Demigod Artificer)          Turns: 715, Time: 00:00:45

Health: 0/15       AC:  3    Str: 13    XL:     1   Next: 73%
Magic:  3/3        EV: 11    Int: 13    God:
Gold:   0          SH:  0    Dex: 14    Spells: 0/0 levels left

rFire   . . .      SeeInvis .   a - +0 club {mace}
rCold   . . .      Faith    .   (no shield)
rNeg    . . .      Spirit   .   b - +0 leather armour
rPois   .          Reflect  .   (no helmet)
rElec   .          Harm     .   (no cloak)
rCorr   .          Rampage  .   (no gloves)
Will    .....                   (no boots)
Stlth   +.........              (no amulet)
HPRegen 0.05/turn               (no ring)
MPRegen 0.08/turn               (no ring)

@: no status effects
A: high MP 1, forlorn, divine attributes
a: no special abilities


You were on level 1 of the Dungeon.
You visited 1 branch of the dungeon, and saw 1 of its levels.


Innate Abilities, Weirdness & Mutations

You have an increased reservoir of magic. (+10% MP)
You shall have no god before yourself.
Your divine heritage dramatically boosts your attributes as you level up.


   Skills:
 - Level 0.8 Fighting
 - Level 1.7 Armour
 - Level 0.8 Dodging
 - Level 0.8 Stealth
 + Level 3.2 Evocations


You couldn't memorise any spells.
You didn't know any spells.
Your spell library was empty.

Inventory:

Hand Weapons
 a - a +0 club (weapon) {mace}
Missiles
 f - a stone {throwing}
Armour
 b - a +0 leather armour (worn)
Wands
 c - a wand of flame (12) (quivered)
 d - a wand of charming (14)
 e - a wand of iceblast (9)
Potions
 h - a potion of might {unknown}

Dungeon Overview and Level Annotations

Branches:
Dungeon (1/15)

#............#
#.#
#.############
#)# #.# ###.#
#.# #####...#
#.# ........#
##.# .####...#
#..## ##..#
#.#.# #...
#..@# #.#.
####J.# #.#.
>.# #.#. ##..
#.#. .## #.#.
. #.#. # ..[.
## #.##


You could see an endoplasm.


Message History

The kobold shouts!
The kobold hits you with a +0 short sword. 😕 HP[-1]
You take 1 damage, and now have 14/15 hp.
You hit the kobold but do no damage. The kobold barely misses you.
An endoplasm comes into view.
You barely miss the kobold.
The kobold hits you with a +0 short sword.
The kobold hits you but does no damage.
You completely miss the kobold.
The kobold hits you with a +0 short sword. 😕 HP[-2]
You take 2 damage, and now have 12/15 hp.
You hit the kobold. The kobold hits you but does no damage.
The goblin hits you but does no damage.
You hit the kobold.
You kill the kobold!
The goblin hits you but does no damage. The goblin barely misses you.
Unknown command.
You hit the endoplasm but do no damage. The goblin closely misses you.
The endoplasm misses you.
You hit the endoplasm. The endoplasm hits you.
The goblin hits you with a +0 club.
* * * LOW HITPOINT WARNING * * *
😨 HP[-5]
You take 5 damage, and now have 7/15 hp.
MASSIVE DAMAGE!! (PAUSE)
You hit the endoplasm but do no damage. You punch the endoplasm.
You kill the endoplasm!
The goblin misses you.
Your Evocations skill increases to level 3!
You barely miss the goblin. The goblin hits you with a +0 club.
* * * LOW HITPOINT WARNING * * *
The goblin completely misses you. 😱 HP[-4]
You take 4 damage, and now have 3/15 hp.
MASSIVE DAMAGE!! (PAUSE)
Aiming: Throw Flame
Press: ? - help, Q - select action, (/) - cycle Shift-Dir - straight line, f - goblin
Aim: a goblin, wielding a +0 club (64% to hit)
The puff of flame hits the goblin!
You kill the goblin!
You start resting. 😎 HP[+12]
Your hp is fully restored (15).
f - a stone {throwing}
Things that are here:
a +0 short sword {short}; a kobold skeleton
g - a scroll labelled RUCRIOV GARIPPAAN
h - a fuming amethyst potion
Found a stone staircase leading down.
As you read the scroll labelled RUCRIOV GARIPPAAN, it crumbles to dust.
You assume a fearsome visage.
Nothing appears to happen.
It was a scroll of fear.
There is a stone staircase leading down here.
A rat comes into view.
A rat is nearby!
A rat is nearby!
A rat is nearby!
The rat barely misses you.
You barely miss the rat. The rat bites you. 😕 HP[-2]
You take 2 damage, and now have 13/15 hp.
You hit the rat.
You kill the rat!
A bat comes into view.
A bat is nearby! 😎 HP[+2]
Your hp is fully restored (15).
The helpless bat fails to defend itself.
You hit the bat.
You kill the bat!
Found a stone staircase leading down.
An endoplasm comes into view.
An endoplasm is nearby!
An endoplasm is nearby!
The endoplasm closely misses you.
You hit the endoplasm but do no damage. The endoplasm closely misses you.
You barely miss the endoplasm. The endoplasm freezes you.
You are frozen. 😮 HP[-5]
You take 5 damage, and now have 10/15 hp.
MASSIVE DAMAGE!! (PAUSE)
You hit the endoplasm but do no damage. The endoplasm freezes you.
You are frozen.
* * * LOW HITPOINT WARNING * * *
The endoplasm hits you.
* * * LOW HITPOINT WARNING * * *
😨 HP[-5]
You take 5 damage, and now have 5/15 hp.
MASSIVE DAMAGE!! (PAUSE)
Aiming: Throw Flame
Press: ? - help, Q - select action, (/) - cycle Shift-Dir - straight line, f - endoplasm
Aim: an endoplasm (98% to hit)
The puff of flame hits the endoplasm.
The endoplasm freezes you.
You are frozen.
You die...

Skill      XL: |  1 |
---------------+----+-----
Evocations     | 3 |  3.2
Fighting       | |  0.8
Armour         | |  1.7
Dodging        | |  0.8
Stealth        | |  0.8

Action                   || total
-------------------------++-------
Melee: Club              ||    20
       Punch             ||     1
Evoke: Wand              ||     4
  Use: Scroll            ||     1
 Stab: Sleeping          ||     1
Armor: Leather armour    ||     6
Dodge: Dodged            ||    14

Levels and vault maps discovered:
D:1:      dpeg_arrival_rooms_a, layout_loops_ring,
          ebering_ecumenical_altar_petrified, st_stairs_7

Notes
Turn   | Place    | Note
-------+----------+-------------------------------------------
     0 | D:1      | spaghetti the Demigod Artificer began the quest for the
                  | Orb.
     0 | D:1      | Reached XP level 1. HP: 15/15 MP: 3/3
     0 | D:1      | magus.rc [v1.9.6]
    62 | D:1      | HP: 3/15 [constriction (1)]
   344 | D:1      | Reached skill level 3 in Evocations
   344 | D:1      | HP: 3/15 [goblin/+0 club (4)]
   715 | D:1      | Frozen to death by an endoplasm

Vanquished Creatures
  An endoplasm (D:1)
  A goblin (D:1)
  2 ball pythons (D:1)
  A bat (D:1)
  A kobold (D:1)
  A rat (D:1)
7 creatures vanquished.

Vanquished Creatures (others)
  A kobold (D:1)
1 creature vanquished.

Grand Total: 8 creatures vanquished

Table legend:
 A = Non-vault XP
 B = Vault XP
 C = Vault XP percentage of total XP
 D = Non-vault monster count
 E = Vault monster count
 F = Vault count percentage of total count
                 A         B        C        D         E       F
            +---------+---------+-------+---------+---------+-------
      Total |      11 |       0 |   0.0 |       8 |       0 |   0.0
            +---------+---------+-------+---------+---------+-------
        D:1 |      11 |       0 |   0.0 |       8 |       0 |   0.0
            +---------+---------+-------+---------+---------+-------

Illustrated notes

Table legend:
 A = Kills in this place as a percentage of kills in entire the game.
 B = Kills by you in this place as a percentage of kills by you in the entire game.
 C = Kills by friends in this place as a percentage of kills by friends in the entire game.
 D = Other kills in this place as a percentage of other kills in the entire game.
 E = Experience gained in this place as a percentage of experience gained in the entire game.
 F = Experience gained in this place divided by the number of levels of this place that you have seen.
                   A       B       C       D       E      F
               +-------+-------+-------+-------+-------+----------------------
         Total | 100.0 | 100.0 |   N/A | 100.0 | 100.0 |  11.0
       Dungeon | 100.0 | 100.0 |   N/A | 100.0 | 100.0 |  11.0
               +-------+-------+-------+-------+-------+----------------------

Table legend: (Time is in decaauts)
 A = Elapsed time spent in this place.
 B = Non-inter-level travel time spent in this place.
 C = Inter-level travel time spent in this place.
 D = Time resting spent in this place.
 E = Time spent auto-exploring this place.
 F = Levels seen in this place.
 G = Mean time per level.
                   A        B        C        D        E       F      G
               +--------+--------+--------+--------+--------+-----+--------+
         Total |    721 |    721 |      0 |    477 |    163 |   1 |  721.0 |
       Dungeon |    721 |    721 |      0 |    477 |    163 |   1 |  721.0 |
               +--------+--------+--------+--------+--------+-----+--------+

Top non-repeatable levels by time:
     D:1: 721 daAuts
